 Dungeon Crawl Stone Soup version bcrawl-1.17.3 (webtiles) character file.

Game seed: 12908281870391140184

112 Revguard the Chopper (level 4, -1/37 HPs)
             Began as a Sand Dwarf Skald on Oct 25, 2019.
             Was an Initiate of Okawaru.
             Asphyxiated
             ... on level 3 of the Dungeon.
             The game lasted 00:09:12 (2088 turns).

Revguard the Chopper (Sand Dwarf Skald)             Turns: 2088, Time: 00:09:13

Health: -1/37      AC: 11    Str: 15    XL:     4   Next: 93%
Magic:  7/7        EV: 12    Int: 14    God:    Okawaru [......]
Gold:   151        SH:  0    Dex: 11    Spells: 1/7 levels left

rFire    . . .     SeeInvis .   a - +0 hand axe
rCold    . . .     Gourm    .   (shield restricted)
rNeg     + . .     Faith    .   h - +0 scale mail
rPois    .         Spirit   .   (no helmet)
rElec    .         Reflect  .   c - +1 cloak
rCorr    .         Harm     .   (no gloves)
MR       .....                  i - +2 pair of boots
Stlth    ..........             (no amulet)
HPRegen  0.12/turn              e - ring of positive energy
MPRegen  0.10/turn              (no ring)

@: lethally poisoned (-1 -> -36), slowed, very slow
A: small, slowness 1, armour attunement
a: Renounce Religion


You were on level 3 of the Dungeon.
You worshipped Okawaru.
Okawaru was noncommittal.
You were not hungry.

You visited 1 branch of the dungeon, and saw 3 of its levels.

You collected 151 gold pieces.

Inventory:

Hand Weapons
 a - a +0 hand axe (weapon)
Armour
 b - a +0 leather armour
 c - a +1 cloak (worn)
 h - a +0 scale mail (worn)
 i - a +2 pair of boots (worn)
Jewellery
 e - a ring of positive energy (left hand)
Scrolls
 d - a scroll of fear
Potions
 g - a potion of curing {unknown}
 k - 2 potions of might
 l - 2 potions of heal wounds
 p - a potion of invisibility
Comestibles
 f - 5 rations {!d}


   Skills:
 + Level 2.8 Fighting
 + Level 4.2 Axes
 * Level 2.1 Armour
 + Level 2.1 Dodging
 + Level 2.1 Spellcasting
 * Level 3.5 Charms


You had one spell level left.
You knew the following spells:

 Your Spells              Type           Power        Failure   Level  Hunger
a - Infusion              Chrm           ##......     5%          1    #......
b - Song of Slaying       Chrm           ##......     9%          2    ###....
c - Regeneration          Chrm/Necr      #.........   34%         3    ###....

Your spell library contained the following spells:

 Spells                   Type           Power        Failure   Level  Hunger
 Ozocubu's Armour         Chrm/Ice       #.......     34%         3    ###....
 Spectral Weapon          Hex/Chrm       #.......     34%         3    ###....
 Confuse                  Hex            #.......     56%         3    ###....
 Dazzling Spray           Conj/Hex       #.....       56%         3    ###....
 Petrify                  Tmut/Erth      #.......     93%         4    #####..
 Yara's Violent Unravell  Hex/Tmut       #.........   93%         4    #####..
 Metabolic Englaciation   Hex/Ice        #.........   100%        5    ######.
 Mana Rupture             Conj/Hex       #.........   100%        7    #######


Dungeon Overview and Level Annotations

Branches:
Dungeon (3/12)

Altars:
Okawaru
Qazlal
Vehumet


Innate Abilities, Weirdness & Mutations

You are small and have problems with some larger weapons.
You cover ground slowly.
Armour does not affect your spellcasting.


Message History

The curare-tipped needle barely misses you.
You feel sick.
The kobold shoots a curare-tipped needle.
The curare-tipped needle hits you.
You are more poisoned.
You have difficulty breathing.
You feel as though you will be slow longer.
A dart slug comes into view.
You feel sick.
The kobold shoots a curare-tipped needle.
The curare-tipped needle hits you.
You are lethally poisoned!
You have difficulty breathing.
* * * LOW HITPOINT WARNING * * *
You feel as though you will be slow longer.
The kobold shoots a curare-tipped needle.
The curare-tipped needle hits you.
You are more poisoned.
You have difficulty breathing.
You die...

.. ####.####
#####.......#
##...#.......#
#............###
#.......K.......
#.....$......#
#...#..@....##
#.............
#..####.#.#### #..# w#
# #..# .. #..# ##.
##.# . #.# $
#.#######...#.........


You could see a dart slug and a kobold.

Vanquished Creatures
  Jessica (D:2)
  An adder (D:3)
  3 oozes
  A worm (D:1)
  3 dart slugs
  2 leopard geckos (D:1)
  4 orcs (D:3)
  A giant cockroach (D:1)
  A goblin (D:1)
  5 hobgoblins
  6 jackals (D:1)
  5 kobolds
  2 quokkas
  5 bats (D:1)
  4 frilled lizards
  A jackal skeleton (D:2)
  7 rats
52 creatures vanquished.

Notes
Turn   | Place    | Note
-------+----------+-------------------------------------------
     0 | D:1      | Revguard the Sand Dwarf Skald began the quest for the Orb.
     0 | D:1      | Reached XP level 1. HP: 18/18 MP: 3/3
   203 | D:1      | Reached XP level 2. HP: 23/25 MP: 0/5
   228 | D:1      | Learned a level 2 spell: Song of Slaying
   338 | D:1      | Reached skill level 3 in Axes
   429 | D:1      | Reached XP level 3. HP: 26/30 MP: 0/6
   676 | D:1      | Learned a level 3 spell: Regeneration
  1217 | D:2      | Reached XP level 4. HP: 34/37 MP: 7/7
  1218 | D:2      | Found an iron altar of Okawaru.
  1245 | D:2      | Became a worshipper of Warmaster Okawaru
  1333 | D:2      | Found a radiant altar of Vehumet.
  1334 | D:2      | Noticed Jessica
  1348 | D:2      | Killed Jessica
  1734 | D:2      | Found a stormy altar of Qazlal.
  1734 | D:2      | Noticed an air elemental
  1735 | D:2      | Noticed an earth elemental
  1735 | D:2      | Noticed a fire elemental
  1735 | D:2      | Noticed a water elemental
  1903 | D:3      | Reached skill level 4 in Axes
  2088 | D:3      | Asphyxiated

Skill      XL: |  1  2  3  4 |
---------------+-------------+-----
Axes           | 3 4 |  4.2
Armour         | 2 |  2.1
Dodging        | 2 |  2.1
Fighting       | |  2.8
Spellcasting   | |  2.1
Charms         | |  3.5

Action                   |  1- 3 |  4- 6 || total
-------------------------+-------+-------++-------
Melee: Hand axe          |   124 |    52 ||   176
 Cast: Infusion          |     4 |     1 ||     5
       Song of Slaying   |     4 |     2 ||     6
       Regeneration      |       |     1 ||     1
  Use: Scroll            |       |    11 ||    11
       Potion            |       |     1 ||     1
  Eat: Chunk             |     2 |     3 ||     5
Armor: Leather armour    |    61 |    10 ||    71
       Scale mail        |       |    16 ||    16
Dodge: Dodged            |   109 |    51 ||   160
